 Dungeon Crawl Stone Soup version 0.29.0-4-gdea44cf6ec (webtiles) character file.

Game seed: 4024797065594915937

131 qw the Chopper (level 5, -7/30 HPs)
             Began as a Tengu Warper on Aug 28, 2022.
             Was an Initiate of Okawaru.
             Splashed by a jelly's acid (8 damage)
             ... on level 4 of the Dungeon.
             The game lasted 00:00:23 (3750 turns).

qw the Chopper (Tengu Warper)                       Turns: 3750, Time: 00:00:24

Health: -7/30      AC: -3    Str: 13    XL:     5   Next: 14%
Magic:  9/9        EV:  7    Int: 13    God:    Okawaru [......]
Gold:   171        SH:  0    Dex: 14    Spells: 8/8 levels left

rFire   . . .      SeeInvis .   Y - +0 hand axe
rCold   . . .      Faith    .   (no shield)
rNeg    . . .      Spirit   .   f - +0 chain mail
rPois   .          Reflect  .   (helmet restricted)
rElec   .          Harm     .   (no cloak)
rCorr   .          Rampage  .   (no gloves)
Will    .....                   (boots unavailable)
Stlth   ..........              (no amulet)
HPRegen 0.10/turn               (no ring)
MPRegen 0.11/turn               (no ring)

@: corroded, flying quickly and evasively, quick
A: beak, talons 3, nimble flight
a: Renounce Religion


You were on level 4 of the Dungeon.
You worshipped Okawaru.
Okawaru was noncommittal.
You visited 2 branches of the dungeon, and saw 5 of its levels.

You collected 171 gold pieces.


Innate Abilities, Weirdness & Mutations

You have a beak for a mouth.
You have claws for feet.
Your magical nature lets you fly swiftly and evasively.


   Skills:
 - Level 2.0 Fighting
 + Level 5.7 Axes
 - Level 1.0 Throwing
 - Level 1.1 Armour
 - Level 2.1 Dodging
 - Level 2.0 Spellcasting
 - Level 2.4 Translocations


You had 8 spell levels left.
You didn't know any spells.
Your spell library contained the following spells:

 Spells                   Type           Power      Damage    Failure   Level
 Blink                    Tloc           14%        N/A       99%         2
 Gell's Gravitas          Tloc           7%         N/A       100%        3
 Lesser Beckoning         Tloc           7%         N/A       100%        3
 Teleport Other           Tloc           7%         N/A       100%        3
 Manifold Assault         Tloc           7%         N/A       100%        5

Inventory:

Hand Weapons
 b - a +0 flail
 Y - a +0 hand axe (weapon)
Missiles
 i - a silver boomerang (quivered)
Armour
 f - a +0 chain mail (worn)
Jewellery
 c - the amulet of the Lily {RegenMP -Tele Int+4 Dex+4}
   (You took it off a kobold on level 2 of the Dungeon)

   [amulet of magic regeneration]

   It increases your rate of magic regeneration.
   Int:       It affects your intelligence (+4).
   Dex:       It affects your dexterity (+4).
   -Tele:     It prevents most forms of teleportation.
Potions
 a - a potion of invisibility {unknown}
 d - a potion of berserk rage {unknown}
 e - a potion of resistance {unknown}
 g - a potion of heal wounds {unknown}
 h - a potion of attraction {unknown}
 j - a potion of ambrosia {unknown}
 k - a potion of magic {unknown}

Dungeon Overview and Level Annotations

Branches:
Dungeon (4/15)             Temple (1/1) D:4

Altars:
Ashenzari
Cheibriados
Dithmenos
Fedhas
Gozag
Hepliaklqana
Kikubaaqudgha
Makhleb
Nemelex Xobeh
Okawaru
Ru
Sif Muna
Trog
Vehumet
Wu Jian
Yredelemnul
The Shining One


Message History

The silver boomerang closely misses the ball python.
You closely miss the ball python. You claw the ball python.
You kill the ball python!
Okawaru accepts your kill.
You see here a ball python corpse.
Found a leather armour.
Enter note: A jelly comes into view.
The jelly quivers.
Throw: boomerang (silver)
Press: ? - help, Q - select action Shift-Dir - straight line, f - jelly You throw a silver boomerang.
The silver boomerang hits the jelly!
The jelly is heavily wounded.
Throw: boomerang (silver)
Press: ? - help, Q - select action Shift-Dir - straight line, f/p - jelly You throw a silver boomerang.
The silver boomerang hits the jelly but does no damage.
The jelly is heavily wounded.
Throw: boomerang (silver)
Press: ? - help, Q - select action Shift-Dir - straight line, f/p - jelly You throw a silver boomerang.
The silver boomerang hits the jelly.
The jelly is severely wounded.
You hit the jelly. The acid corrodes you!
Your hands burn!
You claw the jelly.
The jelly is almost dead.
The jelly closely misses you.
You hit the jelly but do no damage.
Your hands burn!
You peck the jelly, but do no damage.
The jelly is almost dead.
The jelly closely misses you.
You hit the jelly but do no damage.
Your hands burn!
The jelly is almost dead.
The jelly hits you. The acid corrodes you!
You are splashed with acid.
You hit the jelly but do no damage. The acid corrodes you!
Your hands burn!
You claw the jelly, but do no damage. You peck the jelly, but do no damage.
The jelly is almost dead.
The jelly hits you.
You are splashed with acid!
You hit the jelly.
Your hands burn!
You claw the jelly, but do no damage.
The jelly is almost dead.
The jelly hits you.
You are splashed with acid!
You die...

.##### .....# ###.#
.###.# #....# .# #.#
#.....# .###.##
######.......
......######............
................#.......
......######.##.#J.....#
......# #.#.#.@......#
......# ..# #.....#####
......# #.# #.#..[...#
......# #. #.##.........
##.#.## # ## #......###
#... #........
#..#..#### ...#..#


You could see a jelly.

Vanquished Creatures
  An orc wizard (D:3)
  3 adders
  8 orcs
  3 bats
  9 endoplasms
  A giant cockroach (D:1)
  7 goblins
  7 hobgoblins
  2 jackals (D:3)
  7 kobolds
  A quokka (D:2)
  6 ball pythons
  4 frilled lizards
  8 rats
67 creatures vanquished.

Vanquished Creatures (others)
  2 demonic plants (D:2)
2 creatures vanquished.

Grand Total: 69 creatures vanquished

Notes
Turn   | Place    | Note
-------+----------+-------------------------------------------
     0 | D:1      | qw the Tengu Warper began the quest for the Orb.
     0 | D:1      | Reached XP level 1. HP: 12/12 MP: 4/4
     0 | D:1      | 0 ||| qw: Version: 0.1-a-89-g26bdef1
     0 | D:1      | 0 ||| qw: Game counter: 1360
     0 | D:1      | 0 ||| qw: Always use a shield: true
     0 | D:1      | 0 ||| qw: God list: Okawaru
     0 | D:1      | 0 ||| qw: Allow faded altars: false
     0 | D:1      | 0 ||| qw: Do Orc after D:15 true
     0 | D:1      | 0 ||| qw: Do second Lair branch before Depths: true
     0 | D:1      | 0 ||| qw: Lair rune preference: random
     0 | D:1      | 0 ||| qw: Plans: Normal
     0 | D:1      | 0 ||| PLANNING D:1-11
    41 | D:1      | 41 ||| Stepping ~*~*~tactically~*~*~ (stealth).
   205 | D:1      | 205 ||| Stepping ~*~*~tactically~*~*~ (stealth).
   207 | D:1      | 207 ||| Stepping ~*~*~tactically~*~*~ (stealth).
   211 | D:1      | Reached XP level 2. HP: 15/17 MP: 6/6
   215 | D:1      | Reached skill level 3 in Axes
   221 | D:1      | 221 ||| Stepping ~*~*~tactically~*~*~ (stealth).
   227 | D:1      | 227 ||| Stepping ~*~*~tactically~*~*~ (stealth).
   258 | D:1      | 258 ||| Stepping ~*~*~tactically~*~*~ (stealth).
   579 | D:1      | 579 ||| Stepping ~*~*~tactically~*~*~ (stealth).
   580 | D:1      | 580 ||| Stepping ~*~*~tactically~*~*~ (stealth).
   788 | D:1      | Reached XP level 3. HP: 21/21 MP: 7/7
   981 | D:1      | 981 ||| DROPPING scroll of blinking.
   998 | D:2      | 998 ||| STAIRDANCE
  1139 | D:2      | Found a glowing golden altar of the Shining One.
  1140 | D:2      | 1140 ||| STAIRDANCE
  1146 | D:2      | 1146 ||| STAIRDANCE
  1230 | D:2      | Reached skill level 4 in Axes
  1300 | D:2      | 1300 ||| Stepping ~*~*~tactically~*~*~ (stealth).
  1302 | D:2      | 1302 ||| Stepping ~*~*~tactically~*~*~ (stealth).
  1369 | D:2      | 1369 ||| FLEEEEING.
  1371 | D:2      | HP: 5/21 [poisoned by an adder]
  1374 | D:2      | HP: 2/21 [poisoned by an adder]
  1445 | D:2      | 1445 ||| FLEEEEING.
  1446 | D:2      | 1446 ||| FLEEEEING.
  1452 | D:2      | 1452 ||| STAIRDANCE
  1639 | D:1      | 1639 ||| DRINKING 2 metallic puce potions.
  1673 | D:1      | 1673 ||| DROPPING potion of lignification.
  1719 | D:2      | Identified the amulet of the Lily {RegenMP -Tele Int+4
                  | Dex+4}
  1724 | D:2      | 1724 ||| Stepping ~*~*~tactically~*~*~ (stealth).
  1725 | D:2      | 1725 ||| Stepping ~*~*~tactically~*~*~ (stealth).
  1726 | D:2      | 1726 ||| Stepping ~*~*~tactically~*~*~ (stealth).
  1736 | D:2      | Reached XP level 4. HP: 21/26 MP: 8/8
  1749 | D:2      | 1749 ||| FLEEEEING.
  1755 | D:2      | 1755 ||| FLEEEEING.
  1756 | D:2      | 1756 ||| FLEEEEING.
  1757 | D:2      | 1757 ||| FLEEEEING.
  1758 | D:2      | 1758 ||| FLEEEEING.
  1759 | D:2      | 1759 ||| FLEEEEING.
  1760 | D:2      | 1760 ||| FLEEEEING.
  1761 | D:2      | 1761 ||| FLEEEEING.
  1814 | D:2      | 1814 ||| Stepping ~*~*~tactically~*~*~ (stealth).
  1994 | D:2      | Found a faded altar of an unknown god.
  1994 | D:2      | Noticed a hellion
  2051 | D:1      | 2051 ||| Stepping randomly (stuck).
  2076 | D:3      | 2076 ||| STAIRDANCE
  2085 | D:3      | 2085 ||| STAIRDANCE
  2209 | D:2      | 2209 ||| UPGRADING to +0 chain mail.
  2219 | D:2      | 2219 ||| DROPPING +0 leather armour.
  2227 | D:3      | 2227 ||| STAIRDANCE
  2343 | D:3      | 2343 ||| Stepping ~*~*~tactically~*~*~ (stealth).
  2349 | D:3      | 2349 ||| Stepping ~*~*~tactically~*~*~ (stealth).
  2350 | D:3      | 2350 ||| Stepping ~*~*~tactically~*~*~ (stealth).
  2400 | D:3      | 2400 ||| Stepping ~*~*~tactically~*~*~ (stealth).
  2403 | D:3      | 2403 ||| Stepping ~*~*~tactically~*~*~ (hiding).
  2408 | D:3      | Reached skill level 5 in Axes
  2427 | D:3      | HP: 4/26 [orc/+0 dagger (3)]
  2435 | D:3      | 2435 ||| FLEEEEING.
  2436 | D:3      | 2436 ||| FLEEEEING.
  2437 | D:3      | 2437 ||| FLEEEEING.
  2438 | D:3      | 2438 ||| FLEEEEING.
  2439 | D:3      | 2439 ||| FLEEEEING.
  2440 | D:3      | 2440 ||| FLEEEEING.
  2441 | D:3      | 2441 ||| FLEEEEING.
  2442 | D:3      | 2442 ||| FLEEEEING.
  2443 | D:3      | 2443 ||| FLEEEEING.
  2444 | D:3      | 2444 ||| FLEEEEING.
  2445 | D:3      | 2445 ||| FLEEEEING.
  2446 | D:3      | 2446 ||| FLEEEEING.
  2447 | D:3      | 2447 ||| FLEEEEING.
  2448 | D:3      | 2448 ||| FLEEEEING.
  2449 | D:3      | 2449 ||| FLEEEEING.
  2450 | D:3      | 2450 ||| FLEEEEING.
  2451 | D:3      | 2451 ||| FLEEEEING.
  2452 | D:3      | 2452 ||| FLEEEEING.
  2453 | D:3      | 2453 ||| FLEEEEING.
  2454 | D:3      | 2454 ||| FLEEEEING.
  2455 | D:3      | 2455 ||| FLEEEEING.
  2456 | D:3      | 2456 ||| FLEEEEING.
  2457 | D:3      | 2457 ||| FLEEEEING.
  2458 | D:3      | 2458 ||| FLEEEEING.
  2459 | D:3      | 2459 ||| FLEEEEING.
  2460 | D:3      | 2460 ||| FLEEEEING.
  2461 | D:3      | 2461 ||| FLEEEEING.
  2462 | D:3      | 2462 ||| FLEEEEING.
  2463 | D:3      | 2463 ||| FLEEEEING.
  2464 | D:3      | 2464 ||| FLEEEEING.
  2465 | D:3      | 2465 ||| FLEEEEING.
  2466 | D:3      | 2466 ||| STAIRDANCE
  2720 | D:3      | 2720 ||| STAIRDANCE
  2799 | D:3      | 2799 ||| DROPPING +0 whip.
  2848 | D:3      | 2848 ||| READING scroll labelled SUAVOMNOUCY.
  2849 | D:3      | 2849 ||| DRINKING 3 orange potions.
  2850 | D:3      | 2850 ||| DROPPING 2 potions of brilliance.
  2851 | D:3      | 2851 ||| Stepping randomly (stuck).
  2852 | D:3      | 2852 ||| Stepping randomly (stuck).
  2866 | D:3      | Found an opulent altar of Gozag.
  3265 | D:3      | Gained mutation: Your magical nature lets you fly swiftly
                  | and evasively. [Tengu growth]
  3265 | D:3      | Reached XP level 5. HP: 30/30 MP: 9/9
  3357 | D:3      | 3357 ||| Stepping randomly (stuck).
  3555 | D:4      | 3555 ||| Stepping ~*~*~tactically~*~*~ (stealth).
  3630 | D:4      | Found a staircase to the Ecumenical Temple.
  3631 | D:4      | 3631 ||| PLANNING TEMPLE
  3631 | D:4      | 3631 ||| READING scroll labelled JIGGID UNLIA.
  3660 | Temple   | Entered the Ecumenical Temple
  3694 | Temple   | Became a worshipper of Warmaster Okawaru
  3698 | Temple   | 3698 ||| PLANNING D:1-11
  3749 | D:4      | HP: 5/30 [acid (7)]
  3750 | D:4      | HP: 1/30 [jelly (3)]
  3750 | D:4      | Splashed by a jelly's acid

Levels and vault maps discovered:
D:1:      elethiomel_arrival_shortcut, layout_basic, serial_curves,
          eino_curves_02, eino_curves_01
D:2:      layout_rooms, basic_altar, dreamdust_ecumenical_altar_sealed_demon,
          chequers_serial_rivers_micro_a
D:3:      layout_loops_cross, overflow_temple_1_default, lemuel_flame_loot_1
D:4:      layout_loops_ring, eat_drink_and_be_merry_uskayaw,
          minmay_temple_entry_glassed_door, serial_shops,
          nicolae_shop_competitors_out_of_business, kennysheep_generic_room_9
Temple:   hellmonk_temple_of_storms

Skill      XL: |  1  2  3  4 |
---------------+-------------+-----
Axes           | 3 4 5 |  5.7
Fighting       | |  2.0
Throwing       | |  1.0
Armour         | |  1.1
Dodging        | |  2.1
Spellcasting   | |  2.0
Translocations | |  2.4

Action                   |  1- 3 |  4- 6 || total
-------------------------+-------+-------++-------
Melee: Hand axe          |    83 |    76 ||   159
       Kick              |    21 |    19 ||    40
       Peck              |    11 |    13 ||    24
       Punch             |       |     1 ||     1
Throw: Boomerang         |     7 |    12 ||    19
  Use: Potion            |     1 |     1 ||     2
       Scroll            |       |     2 ||     2
Armor: Leather armour    |    14 |     6 ||    20
       Chain mail        |       |    17 ||    17
Dodge: Dodged            |    40 |    29 ||    69

Table legend:
 A = Non-vault XP
 B = Vault XP
 C = Vault XP percentage of total XP
 D = Non-vault monster count
 E = Vault monster count
 F = Vault count percentage of total count
                 A         B        C        D         E       F
            +---------+---------+-------+---------+---------+-------
      Total |     188 |       0 |   0.0 |      67 |       0 |   0.0
            +---------+---------+-------+---------+---------+-------
        D:1 |      41 |       0 |   0.0 |      25 |       0 |   0.0
        D:2 |      61 |       0 |   0.0 |      22 |       0 |   0.0
        D:3 |      66 |       0 |   0.0 |      15 |       0 |   0.0
        D:4 |      20 |       0 |   0.0 |       5 |       0 |   0.0
            +---------+---------+-------+---------+---------+-------
